TOP OF THE 1ST |
Nashua Redlegs batting - Pitching for Detroit Dirty Snow : RHP Bob Peterson
|
Pitching: RHP Bob Peterson
|
|
Batting: RHB Manuel Pérez
|
0-0: Fly out, F8 (Line Drive, 8LD)
|
Batting: RHB Ánibal Barrios
|
0-0: Foul Ball, location: 2F 0-1: Ball 1-1: Called Strike 1-2: Ball 2-2: Foul Ball, location: 2F 2-2: Strikes out looking
|
Batting: RHB Katsuhito Ohayashi
|
0-0: Called Strike 0-1: Ball 1-1: Ball 2-1: Ball 3-1: Ground out 5-3 (Groundball, 5L)
|
Top of the 1st over - 0 runs, 0 hits, 0 errors, 0 left on base; Nashua 0 - Detroit 0 |
BOTTOM OF THE 1ST |
Detroit Dirty Snow batting - Pitching for Nashua Redlegs : LHP Keith Burns
|
Pitching: LHP Keith Burns
|
|
Batting: RHB Bobby Hendricks
|
0-0: Ground out 4-3 (Groundball, 4)
|
Batting: RHB Mauro Peña
|
0-0: Called Strike 0-1: Swinging Strike 0-2: Ball 1-2: SINGLE (Line Drive, 7S)
|
Batting: LHB Luis Salazar
|
0-0: Ball 1-0: Ball 2-0: Called Strike 2-1: Fielders Choice at 2nd, 6-4 (Groundball, 6)
|
Batting: RHB Antenor Anchieta
|
0-0: Ball 1-0: Foul Ball, location: 2F 1-1: Ball 2-1: Foul Ball, location: 2F 2-2: Ball 3-2: Base on Balls Luis Salazar to second
|
Batting: SHB Víctor Torres
|
0-0: Called Strike 0-1: Foul Ball, location: 2F 0-2: Strikes out swinging
|
Bottom of the 1st over - 0 runs, 1 hit, 0 errors, 2 left on base; Nashua 0 - Detroit 0 |
TOP OF THE 2ND |
Nashua Redlegs batting - Pitching for Detroit Dirty Snow : RHP Bob Peterson
|
Batting: RHB Danny Boykins
|
0-0: Ball 1-0: Swinging Strike 1-1: Foul Ball, location: 2F 1-2: Foul Ball, location: 2F 1-2: Strikes out looking
|
Batting: RHB Jorge Valenzuela
|
0-0: Ball 1-0: Called Strike 1-1: Called Strike 1-2: Ball 2-2: Strikes out swinging
|
Batting: SHB José Vélez
|
0-0: Ball 1-0: SINGLE (Groundball, 4) (infield hit)
|
Batting: RHB Kyle Mann
|
0-0: Swinging Strike 0-1: Ball 1-1: Fly out, F8 (Flyball, 8LM)
|
Top of the 2nd over - 0 runs, 1 hit, 0 errors, 1 left on base; Nashua 0 - Detroit 0 |
BOTTOM OF THE 2ND |
Detroit Dirty Snow batting - Pitching for Nashua Redlegs : LHP Keith Burns
|
Batting: LHB Al Cramer
|
0-0: SINGLE (Groundball, 56D)
|
Batting: RHB Paul Liddle
|
0-0: Ball Al Cramer is caught stealing 2nd base 1-0: Ball 2-0: Ball 3-0: Base on Balls
|
Batting: LHB Lee Jenkins
|
0-0: Ball 1-0: Called Strike 1-1: Foul Ball, location: 2F 1-2: Foul Ball, location: 2F 1-2: Foul Ball, location: 2F 1-2: Ball 2-2: Foul Ball, location: 2F 2-2: Foul Ball, location: 2F 2-2: Ball 3-2: Foul Ball, location: 2F 3-2: Strikes out swinging
|
Batting: RHB Carlos Rocha
|
0-0: Ball 1-0: Fly out, F3 (Popup, 23)
|
Bottom of the 2nd over - 0 runs, 1 hit, 0 errors, 1 left on base; Nashua 0 - Detroit 0 |
TOP OF THE 3RD |
Nashua Redlegs batting - Pitching for Detroit Dirty Snow : RHP Bob Peterson
|
Batting: RHB António López
|
0-0: Ball 1-0: Ball 2-0: Ball 3-0: Called Strike 3-1: Called Strike 3-2: Strikes out looking
|
Batting: SHB Hunter Bond
|
0-0: Called Strike 0-1: Ball 1-1: Called Strike 1-2: Ball 2-2: Ground out 3-1 (Groundball, 34)
|
Batting: RHB Manuel Pérez
|
0-0: Ball 1-0: Foul Ball, location: 2F 1-1: Ball 2-1: Swinging Strike 2-2: Foul Ball, location: 2F 2-2: Strikes out swinging
|
Top of the 3rd over - 0 runs, 0 hits, 0 errors, 0 left on base; Nashua 0 - Detroit 0 |
BOTTOM OF THE 3RD |
Detroit Dirty Snow batting - Pitching for Nashua Redlegs : LHP Keith Burns
|
Batting: RHB Bobby Hendricks
|
0-0: Ground out U3 (Groundball, 34)
|
Batting: RHB Mauro Peña
|
0-0: Ball 1-0: SINGLE (Groundball, 4MD)
|
Batting: LHB Luis Salazar
|
0-0: Ball 1-0: Foul Ball, location: 2F 1-1: Fielders Choice at 2nd, 1-6 (Groundball, 13S)
|
Batting: RHB Antenor Anchieta
|
0-0: Called Strike 0-1: Ball Luis Salazar is caught stealing 2nd base
|
Bottom of the 3rd over - 0 runs, 1 hit, 0 errors, 0 left on base; Nashua 0 - Detroit 0 |
TOP OF THE 4TH |
Nashua Redlegs batting - Pitching for Detroit Dirty Snow : RHP Bob Peterson
|
Batting: RHB Ánibal Barrios
|
0-0: Ball 1-0: Ball 2-0: Bunt missed! 2-1: SINGLE (Flyball, 7LS)
|
Batting: RHB Katsuhito Ohayashi
|
0-0: Called Strike Ánibal Barrios steals 2nd base 0-1: Ball 1-1: DOUBLE (Line Drive, 8LD) Ánibal Barrios scores
|
Batting: RHB Danny Boykins
|
0-0: SINGLE (Groundball, 6MD) Katsuhito Ohayashi to third Runner from 3rd tries for Home, SAFE, throw made home
|
Batting: RHB Jorge Valenzuela
|
0-0: Hit by Pitch Danny Boykins to second
|
Batting: SHB José Vélez
|
0-0: Swinging Strike 0-1: Ball 1-1: Foul Ball, location: 2F 1-2: Ball 2-2: Strikes out swinging
|
Batting: RHB Kyle Mann
|
0-0: Foul Ball, location: 2F 0-1: Swinging Strike 0-2: Foul Ball, location: 2F 0-2: Ball 1-2: Ball 2-2: Ball 3-2: Strikes out swinging
|
Batting: RHB António López
|
0-0: Ball 1-0: Called Strike 1-1: Swinging Strike 1-2: Foul Ball, location: 2F 1-2: Ball 2-2: Foul Ball, location: 2F 2-2: Strikes out swinging
|
Top of the 4th over - 2 runs, 3 hits, 0 errors, 2 left on base; Nashua 2 - Detroit 0 |
BOTTOM OF THE 4TH |
Detroit Dirty Snow batting - Pitching for Nashua Redlegs : LHP Keith Burns
|
Batting: RHB Antenor Anchieta
|
0-0: Ball 1-0: Called Strike 1-1: SINGLE (Flyball, 9S)
|
Batting: SHB Víctor Torres
|
0-0: Ball 1-0: Foul Ball, location: 2F 1-1: Called Strike Antenor Anchieta is caught stealing 2nd base 1-2: Foul Ball, location: 2F 1-2: Ball 2-2: Strikes out swinging
|
Batting: LHB Al Cramer
|
0-0: Foul Ball, location: 2F 0-1: Fly out, F6 (Line Drive, 6M)
|
Bottom of the 4th over - 0 runs, 1 hit, 0 errors, 0 left on base; Nashua 2 - Detroit 0 |
TOP OF THE 5TH |
Nashua Redlegs batting - Pitching for Detroit Dirty Snow : RHP Bob Peterson
|
Batting: SHB Hunter Bond
|
0-0: Called Strike 0-1: Foul Ball, location: 2F 0-2: Ball 1-2: SINGLE (Flyball, 9S)
|
Batting: RHB Manuel Pérez
|
0-0: Ball 1-0: Fly out, F7 (Flyball, 7)
|
Batting: RHB Ánibal Barrios
|
0-0: Called Strike 0-1: Called Strike 0-2: Fly out, F8 (Flyball, 8RS)
|
Batting: RHB Katsuhito Ohayashi
|
0-0: Ball 1-0: Swinging Strike 1-1: Ball 2-1: Called Strike 2-2: Strikes out looking
|
Top of the 5th over - 0 runs, 1 hit, 0 errors, 1 left on base; Nashua 2 - Detroit 0 |
BOTTOM OF THE 5TH |
Detroit Dirty Snow batting - Pitching for Nashua Redlegs : LHP Keith Burns
|
Batting: RHB Paul Liddle
|
0-0: Called Strike 0-1: SINGLE (Flyball, 78S)
|
Batting: LHB Lee Jenkins
|
0-0: Foul Ball, location: 2F 0-1: Called Strike 0-2: Strikes out looking
|
Batting: RHB Carlos Rocha
|
0-0: Ball 1-0: Called Strike 1-1: Foul Ball, location: 2F 1-2: Ball 2-2: Strikes out swinging Paul Liddle steals 2nd base Batter strikes out.
|
Batting: RHB Bobby Hendricks
|
0-0: Ball 1-0: Ball Wild Pitch! Paul Liddle to third 2-0: Ball 3-0: Called Strike 3-1: Base on Balls
|
Batting: RHB Mauro Peña
|
0-0: Ball 1-0: Foul Ball, location: 2F 1-1: Foul Ball, location: 2F 1-2: Strikes out looking
|
Bottom of the 5th over - 0 runs, 1 hit, 0 errors, 2 left on base; Nashua 2 - Detroit 0 |
TOP OF THE 6TH |
Nashua Redlegs batting - Pitching for Detroit Dirty Snow : RHP Bob Peterson
|
Batting: RHB Danny Boykins
|
0-0: Ball 1-0: Foul Ball, location: 2F 1-1: Foul Ball, location: 2F 1-2: Strikes out swinging
|
Batting: RHB Jorge Valenzuela
|
0-0: Ball 1-0: Called Strike 1-1: Swinging Strike 1-2: Fly out, F9 (Flyball, 9LS)
|
Batting: SHB José Vélez
|
0-0: Called Strike 0-1: Foul Ball, location: 2F 0-2: Ball 1-2: Foul Ball, location: 2F 1-2: Strikes out swinging
|
Top of the 6th over - 0 runs, 0 hits, 0 errors, 0 left on base; Nashua 2 - Detroit 0 |
BOTTOM OF THE 6TH |
Detroit Dirty Snow batting - Pitching for Nashua Redlegs : LHP Keith Burns
|
Batting: LHB Luis Salazar
|
0-0: Ball 1-0: Swinging Strike 1-1: Ball 2-1: Foul Ball, location: 2F 2-2: Foul Ball, location: 2F 2-2: Ground out U3 (Groundball, 3)
|
Batting: RHB Antenor Anchieta
|
0-0: Called Strike 0-1: Foul Ball, location: 2F 0-2: SINGLE (Groundball, 34D)
|
Batting: SHB Víctor Torres
|
0-0: Called Strike 0-1: Ball 1-1: Swinging Strike 1-2: Hit by Pitch Antenor Anchieta to second
|
Batting: LHB Al Cramer
|
0-0: Ball 1-0: Foul Ball, location: 2F 1-1: Ball 2-1: Foul Ball, location: 2F 2-2: Fly out, F3 (Line Drive, 3) Lined into DP, U3 (Line Drive, 3)
|
Bottom of the 6th over - 0 runs, 1 hit, 0 errors, 1 left on base; Nashua 2 - Detroit 0 |
TOP OF THE 7TH |
Nashua Redlegs batting - Pitching for Detroit Dirty Snow : RHP Bob Peterson
|
Batting: RHB Kyle Mann
|
0-0: Called Strike 0-1: Called Strike 0-2: Foul Ball, location: 2F 0-2: Foul Ball, location: 2F 0-2: Ground out 6-3 (Groundball, 6D)
|
Batting: RHB António López
|
0-0: Ball 1-0: Foul Ball, location: 2F 1-1: Ball 2-1: Swinging Strike 2-2: Strikes out looking
|
Batting: SHB Hunter Bond
|
0-0: Fly out, F8 (Flyball, 8LM)
|
Top of the 7th over - 0 runs, 0 hits, 0 errors, 0 left on base; Nashua 2 - Detroit 0 |
BOTTOM OF THE 7TH |
Detroit Dirty Snow batting - Pitching for Nashua Redlegs : LHP Keith Burns
|
Now at 3B: Spencer Pritchett
|
|
Batting: RHB Paul Liddle
|
0-0: Ball 1-0: Called Strike 1-1: Called Strike 1-2: Strikes out looking
|
Batting: LHB Lee Jenkins
|
0-0: Ball 1-0: Foul Ball, location: 2F 1-1: Ball 2-1: Ball 3-1: Base on Balls
|
Batting: RHB Carlos Rocha
|
0-0: Ball 1-0: Swinging Strike 1-1: Called Strike 1-2: Fly out, F9 (Flyball, 89D)
|
Batting: RHB Bobby Hendricks
|
0-0: Called Strike 0-1: Ball 1-1: Ball 2-1: Ball 3-1: Called Strike 3-2: Foul Ball, location: 2F 3-2: DOUBLE (Flyball, 8RXD) Lee Jenkins to third Lee Jenkins scores
|
Pitching: RHP José Córdova
|
|
Pinch Runner at 2nd Alex Hampton:
|
|
Batting: RHB Mauro Peña
|
0-0: Called Strike 0-1: Foul Ball, location: 2F 0-2: Strikes out swinging
|
Bottom of the 7th over - 1 run, 1 hit, 0 errors, 1 left on base; Nashua 2 - Detroit 1 |
BOTTOM OF THE 8TH |
Detroit Dirty Snow batting - Pitching for Nashua Redlegs : RHP José Córdova
|
Pitching: LHP José Rodríguez
|
|
Batting: LHB Luis Salazar
|
0-0: Called Strike 0-1: Called Strike 0-2: Ball 1-2: Ball 2-2: Ball 3-2: Fly out, F8 (Flyball, 89S)
|
Pitching: RHP Alonso Rivera
|
|
Batting: RHB Antenor Anchieta
|
0-0: Ground out 6-3 (Groundball, 56D)
|
Batting: SHB Víctor Torres
|
0-0: Ball 1-0: SINGLE (Groundball, 34D)
|
Batting: LHB Al Cramer
|
0-0: Foul Ball, location: 2F 0-1: Called Strike 0-2: Strikes out swinging
|
Bottom of the 8th over - 0 runs, 1 hit, 0 errors, 1 left on base; Nashua 3 - Detroit 1 |
TOP OF THE 9TH |
Nashua Redlegs batting - Pitching for Detroit Dirty Snow : RHP Mark Messier
|
Batting: RHB Jorge Valenzuela
|
0-0: Fly out, F3 (Line Drive, 34)
|
Batting: RHB Spencer Pritchett
|
0-0: Ball 1-0: Hit by Pitch
|
Pinch Runner at 1st John Newman:
|
|
Batting: RHB Kyle Mann
|
0-0: Ball 1-0: Foul Ball, location: 2F 1-1: Foul Ball, location: 2F 1-2: Foul Ball, location: 2F 1-2: Strikes out swinging
|
Pitching: RHP Jesús Mendoza
|
|
Batting: RHB António López
|
0-0: Ball 1-0: Ground out 4-3 (Groundball, 4)
|
Top of the 9th over - 0 runs, 0 hits, 0 errors, 1 left on base; Nashua 3 - Detroit 1 |
BOTTOM OF THE 9TH |
Detroit Dirty Snow batting - Pitching for Nashua Redlegs : RHP Alonso Rivera
|
Now at 3B: John Newman
|
|
Batting: RHB Paul Liddle
|
0-0: SINGLE (Line Drive, 8LS)
|
Batting: LHB Lee Jenkins
|
0-0: Ball 1-0: Ball 2-0: Called Strike 2-1: Called Strike 2-2: Ball 3-2: SINGLE (Flyball, 78M) Paul Liddle to second
|
Batting: RHB Carlos Rocha
|
0-0: Fly out, F5 (Line Drive, 5)
|
Pinch Hitting: RHB José Wills
|
0-0: Ball 1-0: Ball 2-0: Ball 3-0: Swinging Strike 3-1: Grounds into double play, 6-4-3 (Groundball, 6)
|
Bottom of the 9th over - 0 runs, 2 hits, 0 errors, 1 left on base; Nashua 3 - Detroit 1 |
|